[Event "Team 45 45 League T87"]
[Site "Internet Chess Club"]
[Date "2021.01.13"]
[Round "2"]
[White "McDreasor"]
[Black "Ajolote"]
[Result "1/2-1/2"]
[WhiteElo "1924"]
[BlackElo "2070"]
[Opening "Sicilian: Pelikan, Chelyabinsk variation"]
[ECO "B33"]
[Time "16:02:23"]
[TimeControl "2700+45"]

1. e4 c5 2. Nf3 Nc6 3. d4 cxd4 4. Nxd4 Nf6 5. Nc3 e5 6. Ndb5 d6 7. Bg5 a6 8. Na3
b5 9. Bxf6 gxf6 10. Nd5 Bg7 11. c3 f5 12. Bd3 Be6 13. Nc2 O-O 14. Nce3 fxe4 15.
Bxe4 f5 16. Bc2 e4 17. Qh5 Ne5 18. Rd1 Bf7 19. Qh3 Kh8 20. Nxf5 Nd3+ 21. Bxd3
exd3 22. Nxg7 Bxd5 23. O-O Rg8 24. Rxd3 Bc4 25. Nf5 Bxd3 26. Qxd3 Qf6 27. Ne3
Rg7 28. Nc2 Rag8 29. g3 Qe6 30. Qd4 Qxa2 31. Qxd6 Qxb2 32. Ne3 Qxc3 33. Qxa6 b4
34. Qb5 Rg5 35. Qb7 R5g7 36. Qb5 Rg5 37. Qb7 {Game drawn by mutual agreement}
1/2-1/2

[Event "Team 45 45 League T87"]
[Site "Internet Chess Club"]
[Date "2021.01.18"]
[Round "2"]
[White "hipopotamos"]
[Black "DeepPoo"]
[Result "0-1"]
[WhiteElo "1679"]
[BlackElo "1667"]
[Opening "Sicilian: Najdorf, Lipnitzky attack"]
[ECO "B86"]
[Time "16:00:39"]
[TimeControl "2700+45"]

1. e4 c5 2. Nf3 d6 3. d4 cxd4 4. Nxd4 Nf6 5. Nc3 a6 6. Bc4 e6 7. O-O b5 8. Bd3
Be7 9. f4 O-O 10. Kh1 Bb7 11. e5 dxe5 12. fxe5 Nd5 13. Ne4 Nc6 14. Nf6+ Nxf6 15.
exf6 Bxf6 16. Nxc6 Bxc6 17. Qh5 g6 18. Qc5 Rc8 19. Qf2 Bd4 20. Qf4 Qd5 21. Qg3
Rfd8 22. Bg5 Be5 23. Qf2 Rd7 24. Rad1 Bxb2 25. Be2 Qf5 26. Rxd7 Qxf2 27. Rxf2
Bxd7 28. Bd3 Rc5 29. Be7 Rh5 30. Rd2 Bc6 31. Kg1 Rd5 32. Kf1 Rd7 33. Bb4 Be5 34.
h3 Bd6 35. Bc3 b4 36. Bb2 Bc5 37. Ke1 Bd4 38. Bxd4 Rxd4 39. g4 Bb5 40. Bxb5 Rxd2
41. Kxd2 axb5 42. Kd3 e5 43. Ke4 f6 44. h4 Kf7 45. Kd5 h6 46. Kc5 e4 47. Kd4 f5
48. Ke3 Kf6 49. gxf5 Kxf5 50. Ke2 g5 51. hxg5 hxg5 52. Ke3 Ke5 53. Ke2 Kd4 54.
Kd2 g4 55. Ke2 e3 56. Ke1 g3 57. Kf1 Kc3 58. a4 bxa4 59. Ke2 g2 60. Kxe3 g1=Q+
61. Ke2 Qd4 62. Kf3 Qe5 63. Kf2 Kxc2 64. Kf3 b3 65. Kf2 b2 66. Kf3 b1=Q 67. Kg2
Qe2+ 68. Kg3 Qb3+ 69. Kf4 Qec4+ 70. Ke5 Qbb5+ 71. Kd6 Qcc6+ 72. Ke7 Qbb7+ 73.
Kd8 Qcc8# {White checkmated} 0-1

[Event "Team 45 45 League T87"]
[Site "Internet Chess Club"]
[Date "2021.01.18"]
[Round "2"]
[White "Signofthetimes"]
[Black "Kingfisher75"]
[Result "0-1"]
[WhiteElo "1613"]
[BlackElo "1550"]
[Opening "Giuoco Pianissimo"]
[ECO "C50"]
[Time "20:00:22"]
[TimeControl "2700+45"]

1. e4 e5 2. Nf3 Nc6 3. Bc4 Bc5 4. d3 Nf6 5. Bg5 h6 6. Bh4 O-O 7. h3 Re8 8. a3 d6
9. Nc3 Be6 10. Bxe6 fxe6 11. Qd2 Nd4 12. O-O-O Rf8 13. Nxd4 exd4 14. Ne2 Qd7 15.
f4 e5 16. fxe5 dxe5 17. g4 Nh7 18. Rdf1 Rxf1+ 19. Rxf1 Be7 20. Bxe7 Qxe7 21. Rf5
g6 22. Rf1 Rf8 23. Rxf8+ Qxf8 24. c3 c5 25. Kc2 Ng5 26. cxd4 cxd4 27. Qa5 Qb8
28. Qd5+ Kg7 29. Qd7+ Kg8 30. h4 Nf7 31. Ng1 a5 32. Nf3 b5 33. Kb1 b4 34. a4 b3
35. Qd5 Qb4 36. Qc4 Qxc4 37. dxc4 Kf8 38. Nd2 Nd6 39. Kc1 Ke7 40. Kd1 Kd7 41.
Ke2 Kc6 42. Kd3 Kc5 43. Nxb3+ Kb4 44. Nd2 Nb7 45. Kc2 Nc5 46. Nf3 Nd7 47. b3 d3+
48. Kb2 Nf6 49. Nxe5 Kc5 50. Nxd3+ Kd4 51. g5 hxg5 52. e5 Ne4 53. Ne1 g4 54. e6
g3 55. e7 Nf6 56. Kc2 Kc5 57. Nd3+ Kd6 58. Kd2 g2 59. c5+ Kxe7 {White resigns}
0-1

[Event "Team 45 45 League T87"]
[Site "Internet Chess Club"]
[Date "2021.01.16"]
[Round "2"]
[White "fireball"]
[Black "GoIrish"]
[Result "1-0"]
[WhiteElo "1512"]
[BlackElo "1503"]
[Opening "French: advance, Paulsen attack"]
[ECO "C00"]
[Time "15:03:54"]
[TimeControl "2700+45"]

1. e4 e6 2. Nf3 d5 3. e5 c5 4. d4 Nc6 5. c3 Qb6 6. Qb3 Qxb3 7. axb3 cxd4 8. cxd4
Bb4+ 9. Nc3 Nge7 10. Bd2 O-O 11. Bd3 a6 12. O-O b5 13. Bxb5 Bb7 14. Bd3 Na5 15.
Bc2 Nac6 16. Be3 Ba5 17. Rfc1 Bc7 18. Na4 Rfb8 19. Nc5 Bc8 20. Bd3 a5 21. Bd2
Bd8 22. Ra2 Nf5 23. Bxf5 exf5 24. Rca1 Bc7 25. Ra4 Ba6 26. Nxa6 Rxa6 27. b4 Rab6
28. bxa5 Rxb2 29. a6 Na7 30. g3 h6 31. h4 Kf8 32. Ba5 Bxa5 33. Rxa5 R8b3 34. Kg2
Rd3 35. Rxd5 Rbb3 36. Nh2 Ra3 37. Rxa3 Rxa3 38. Rd6 Ke7 39. Nf3 Nb5 40. Rb6 Ra5
41. d5 Kd7 42. Rb7+ Ke8 43. Rb6 Kd7 44. Nd2 Kc7 45. Rb7+ Kc8 46. Rxf7 Rxa6 47.
Rxg7 Nc7 48. d6 Ne6 49. Rg6 Kd7 50. Rxh6 Ra5 51. Nf3 {Black resigns} 1-0